 Dungeon Crawl Stone Soup version 0.18.1-8-gdd0e5ea (webtiles) character file.

395 Hipnos the Digger (level 6, -4/32 HPs)
             Began as a Gargoyle Earth Elementalist on May 27, 2016.
             Killed by divine providence
             ... invoked by an orc priest
              (17 damage)
             ... on level 4 of the Dungeon.
             The game lasted 00:10:42 (3444 turns).

Hipnos the Digger (Gargoyle Earth Elementalist)     Turns: 3444, Time: 00:10:43

Health: -4/32      AC:  6    Str: 11    XL:     6   Next: 82%
Magic:  9/12       EV: 12    Int: 18    God:
Gold:   159        SH:  0    Dex: 10    Spells: 4 memorised, 4 levels left

rFire  . . .     SeeInvis .     w - +0 whip (curse)
rCold  . . .     Gourm    .     a - +0 robe
rNeg   + . .     Faith    .     (no shield)
rPois  ∞         Spirit   .     (no helmet)
rElec  +         Dismiss  .     (no cloak)
rCorr  .         Reflect  .     (no gloves)
SustAt .         Harm     .     (no boots)
MR     .....                    (no amulet)
Stlth  ++........               (no ring)
                                (no ring)

@: not resistant to hostile enchantments, unstealthy
A: negative energy resistance 1, electricity resistance, unbreathing,
petrification resistance, rot immunity, AC +4
a: no special abilities


You were on level 4 of the Dungeon.
You were not hungry.

You visited 1 branch of the dungeon, and saw 4 of its levels.

You collected 159 gold pieces.

Inventory:

Hand Weapons
 p - a +0 whip
 w - a cursed +0 whip (weapon)
Missiles
 b - 4 stones (quivered)
Armour
 a - a +0 robe (worn)
Jewellery
 g - an uncursed ring of sustain attributes {unknown}
 o - an uncursed amulet of the gourmand {unknown}
Scrolls
 h - a scroll of fog
 i - 2 scrolls of teleportation {unknown}
 l - a scroll of blinking
 m - 2 scrolls of enchant weapon {unknown}
 n - a scroll of magic mapping {unknown}
 q - a scroll of enchant armour {unknown}
 t - a scroll of amnesia {unknown}
 u - 2 scrolls of recharging {unknown}
 x - a scroll of fear {unknown}
 y - 2 scrolls of remove curse {unknown}
Potions
 e - a potion of agility
 f - a potion of magic
 k - a potion of cure mutation
 s - 2 potions of flight {unknown}
 A - a potion of might {unknown}
Books
 c - a book of Geomancy

   Spells                             Type                      Level
   a - Sandblast                      Earth                        1
   b - Passwall                       Transmutation/Earth          2
   c - Stone Arrow                    Conjuration/Earth            3
   d - Petrify                        Transmutation/Earth          4
   e - Lee's Rapid Deconstruction     Earth                        5
Comestibles
 d - 2 bread rations
 j - a meat ration
 v - 4 fruits
 z - a chunk of flesh


   Skills:
 + Level 0.2 Fighting
 + Level 0.2 Maces & Flails
 + Level 2.3 Dodging
 - Level 2.1 Stealth
 + Level 4.5 Spellcasting
 - Level 0.8 Transmutations
 + Level 6.4 Earth Magic


You had 4 spell levels left.
You knew the following spells:

 Your Spells              Type           Power        Failure   Level  Hunger
a - Sandblast             Erth           ####..       1%          1    None
b - Passwall              Trmt/Erth      ###.......   6%          2    #......
c - Stone Arrow           Conj/Erth      ###...       14%         3    ###....
d - Petrify               Trmt/Erth      ###.....     34%         4    ####...


Dungeon Overview and Level Annotations

Branches:
Dungeon (4/15)
 Temple: D:4-7

Altars:
Nemelex Xobeh
Qazlal
The Shining One


Innate Abilities, Weirdness & Mutations

You are resistant to torment.
Your stone body is resilient (AC +4).
You are immune to poison.
You resist negative energy.
You are resistant to electric shocks.
You can survive without breathing.
You are immune to petrification.
You are immune to rotting.


Message History

Beogh smites you!
Casting: Sandblast
Confirm with . or Enter, or press ? or * to list all spells.
Aiming: Sandblast
Press: ? - help, Shift-Dir - straight line, f/p - orc
Aim: an orc, wielding a war axe and wearing a ring mail (almost dead)
The blast of sand hits the orc.
You kill the orc!
The orc priest calls down the wrath of Beogh upon you.
Beogh smites you!
* * * LOW HITPOINT WARNING * * *
The orc closely misses you.
Drink which item? (? for menu, Esc to quit)
You feel better. The orc barely misses you.
There is an open door here.
The orc priest invokes the aid of Beogh against you.
Beogh smites you!
Ouch! That really hurt!
You die...

.....############
................#
.....###........#.#### #
.....###........#.#<.#.####
.........ho.........h......
####.####.#######.#h#######
##.#.# #)#....##...o......
...#.####o#....####.#####..
##.#......h.h.o'@....l.....
#.#######.....####.#####.#
#...........### #.#
###########..# #†#
.........##..### #.#
########.##....# #'# #
#.##....# ... # #.##....#
.§§o. # #.##....#.o..o..


You could see an iguana (wandering), an orc priest, an orc and 2 jackals.

Vanquished Creatures
  A howler monkey (D:4)
  A hound (D:4)
  2 orc wizards
  An iguana (D:4)
  Natasha (thrice) (D:2 D:3)
  A worker ant (D:3)
  4 gnolls (D:2)
  4 adders
  3 worms
  2 dart slugs (D:1)
  3 giant geckos
  4 orcs
  4 bats
  3 giant cockroaches
  7 goblins
  5 hobgoblins
  4 jackals
  A quokka (D:3)
  A giant cockroach zombie (D:1)
  A giant gecko zombie (D:1)
  4 giant newts
  3 kobolds
  A quokka skeleton (D:3)
  6 rats
69 creatures vanquished.

Notes
Turn   | Place    | Note
--------------------------------------------------------------
     0 | D:1      | Hipnos the Gargoyle Earth Elementalist began the quest for the Orb.
     0 | D:1      | Reached XP level 1. HP: 10/10 MP: 3/3
   155 | D:1      | Reached skill level 4 in Earth Magic
   155 | D:1      | Reached XP level 2. HP: 14/15 MP: 3/5
   709 | D:2      | Learned a level 2 spell: Passwall
   838 | D:2      | Noticed Natasha
   847 | D:2      | Noticed a crimson imp
  1139 | D:2      | Reached XP level 3. HP: 19/19 MP: 3/6
  1168 | D:2      | Killed Natasha
  1306 | D:2      | Reached XP level 4. HP: 24/24 MP: 5/8
  1451 | D:2      | Noticed Natasha
  1454 | D:2      | Killed Natasha
  1454 | D:2      | Reached skill level 5 in Earth Magic
  1620 | D:2      | Reached XP level 5. HP: 22/28 MP: 7/10
  1633 | D:2      | Learned a level 3 spell: Stone Arrow
  1684 | D:2      | Learned a level 4 spell: Petrify
  1857 | D:3      | Noticed Natasha
  1866 | D:3      | Killed Natasha
  1970 | D:3      | You fall through a shaft!
  2220 | D:4      | Reached XP level 6. HP: 12/32 MP: 0/12
  2643 | D:4      | Reached skill level 6 in Earth Magic
  3338 | D:3      | Found a glowing golden altar of the Shining One.
  3341 | D:3      | Found a sparkling altar of Nemelex Xobeh.
  3344 | D:3      | Found a stormy altar of Qazlal.
  3444 | D:4      | Killed from afar by an orc priest

Skill      XL: |  1  2  3  4  5  6 |
---------------+-------------------+-----
Earth Magic    | 4 5 6 |  6.4
Spellcasting   | 3 4 |  4.5
Dodging        | 2 |  2.3
Fighting       | |  0.2
Maces & Flails | |  0.2
Stealth        | |  2.1
Transmutations | |  0.8

Action                   |  1- 3 |  4- 6 || total
-------------------------+-------+-------++-------
Melee: Whip              |       |    31 ||    31
 Cast: Sandblast         |    42 |    99 ||   141
  Use: Scroll            |       |     8 ||     8
       Potion            |       |     3 ||     3
 Stab: Sleeping          |       |     2 ||     2
  Eat: Chunk             |     2 |     6 ||     8
Armor: Robe              |     6 |    43 ||    49
Dodge: Dodged            |    22 |    71 ||    93
